 Dungeon Crawl Stone Soup version 0.21-a0-344-g2144152 (webtiles) character file.

15319 Gruud the Carver (level 12, -1/78 HPs)
             Began as a Demonspawn Gladiator on Oct 4, 2017.
             Was a Believer of Uskayaw.
             Slain by a komodo dragon (21 damage)
             ... on level 1 of the Lair of Beasts.
             The game lasted 00:34:46 (10647 turns).

Gruud the Carver (Demonspawn Gladiator)            Turns: 10647, Time: 00:34:46

Health: -1/78      AC: 27    Str: 19    XL:     12   Next: 0%
Magic:  20/20      EV: 12    Int:  9    God:    Uskayaw [**....]
Gold:   548        SH:  0    Dex: 20    Spells: 7/11 levels left

rFire    . . .     SeeInvis .   b - +0 dagger (elec)
rCold    . . .     Gourm    .   (no shield)
rNeg     + + .     Faith    +   N - +3 plate armour of the Cuttlefish {+Fly rN++ rCorr Dex-4}
rPois    +         Spirit   .   c - +0 helmet
rElec    .         Reflect  .   n - scarf {repulsion}
rCorr    +         Harm     .   Q - +1 pair of gloves {Str+3}
MR       .....                  (no boots)
Stlth    ..........             z - amulet of faith
HPRegen  0.23/turn              W - ring of poison resistance
MPRegen  0.17/turn              S - +4 ring of protection

@: agile, repel missiles
A: icy blue scales 2, powered by pain 2, spiny 1
a: Stomp, Line Pass, Renounce Religion, Evoke Flight


You were on level 1 of the Lair of Beasts.
You worshipped Uskayaw.
Uskayaw was aware of your devotion.
You were not hungry.

You visited 4 branches of the dungeon, and saw 14 of its levels.
You also visited: Bailey.

You collected 1065 gold pieces.
You spent 517 gold pieces at shops.

Inventory:

Hand Weapons
 a - a +0 great sword
 b - a +0 dagger of electrocution (weapon)
 y - a +0 dagger of venom
 Y - a +4 dagger
Missiles
 d - 2 throwing nets (quivered)
 o - 8 needles of paralysis
 K - 71 tomahawks of returning
Armour
 c - a +0 helmet (worn)
 n - a scarf of repulsion (worn)
 E - a +1 scale mail of fire resistance
 G - the +0 leather armour of the Lost Path {+Inv Regen+ Int+7 Dex-5}
   (You found it on level 4 of the Dungeon)

   It affects your intelligence (+7).
   It affects your dexterity (-5).
   It lets you turn invisible.
   It increases your rate of regeneration.
 N - the +3 plate armour of the Cuttlefish (worn) {+Fly rN++ rCorr Dex-4}
   (You found it on level 6 of the Dungeon)

   It affects your dexterity (-4).
   It greatly protects you from negative energy.
   It lets you fly.
   It protects you from acid and corrosion.
 Q - a +1 pair of gloves of strength (worn)
Jewellery
 w - an uncursed ring of positive energy
 z - an amulet of faith (around neck)
 S - a +4 ring of protection (right hand)
 T - a cursed amulet of inaccuracy {unknown}
 W - a ring of poison resistance (left hand)
Wands
 L - a wand of paralysis (11/24)
 O - a wand of disintegration (13/24)
 R - a wand of iceblast (3/15)
Scrolls
 e - 2 scrolls of recharging
 k - 4 scrolls of remove curse
 r - 5 scrolls of teleportation
 t - a scroll of fear
 v - 4 scrolls of enchant weapon
 x - 3 scrolls of fog
 A - a scroll of noise {unknown}
 B - a scroll of vulnerability {unknown}
 C - a scroll of blinking
 D - a scroll of immolation {unknown}
 F - 2 scrolls of magic mapping
 P - a scroll of summoning {unknown}
 V - a scroll of identify
Potions
 h - 4 potions of curing
 i - 2 potions of flight
 l - 7 potions of magic
 p - 3 potions of heal wounds
 q - 5 potions of mutation
 s - 3 potions of agility
 u - 6 potions of might
 J - a potion of brilliance
 M - a potion of lignification {unknown}
 U - 3 potions of haste
 X - a potion of resistance {unknown}
Books
 H - a book of Necromancy

   Spells                             Type                      Level
   a - Pain                           Necromancy                   1
   b - Animate Skeleton               Necromancy                   1
   c - Vampiric Draining              Necromancy                   3
   d - Regeneration                   Charms/Necromancy            3
   e - Animate Dead                   Necromancy                   4
   f - Control Undead                 Necromancy                   4
 I - a book of Geomancy

   Spells                             Type                      Level
   a - Sandblast                      Earth                        1
   b - Passwall                       Transmutation/Earth          2
   c - Stone Arrow                    Conjuration/Earth            3
   d - Petrify                        Transmutation/Earth          4
   e - Lee's Rapid Deconstruction     Earth                        5
Comestibles
 f - 7 bread rations
 g - 6 royal jellies
 j - 8 fruits
 m - 7 meat rations
 Z - 9 chunks of flesh


   Skills:
 - Level 2.0 Fighting
 * Level 12.9 Long Blades
 - Level 1.7 Throwing
 + Level 8.3 Armour
 - Level 2.7 Dodging
 + Level 11.7 Invocations
 - Level 4.0 Evocations


You had 7 spell levels left.
You knew the following spells:

 Your Spells              Type           Power        Failure   Level  Hunger
a - Regeneration          Chrm/Necr      #.........   100%        3    ####...
b - Animate Skeleton      Necr           N/A          100%        1    ##.....


Dungeon Overview and Level Annotations

Branches:
Dungeon (11/15)            Temple (1/1) D:4            Lair (1/6) D:10
    Orc (1/2) D:10

Altars:
Ashenzari
Cheibriados
Dithmenos
Elyvilon
Fedhas
Gozag
Hepliaklqana
Kikubaaqudgha
Makhleb
Nemelex Xobeh
Okawaru
Ru
Sif Muna
Trog
Uskayaw
Vehumet
Wu Jian
Xom
Yredelemnul
Zin
The Shining One

Shops:
D:7 %   Orc:1 *


Innate Abilities, Weirdness & Mutations

You are mostly covered in icy blue scales. (AC +3)
You sometimes gain power by taking damage.
You are partially covered in sharp spines.


Message History

Your plate armour of the Cuttlefish prevents you from hitting the komodo dragon.
The komodo dragon is lightly wounded.
The komodo dragon bites you but does no damage.
You hit the komodo dragon but do no damage.
The komodo dragon is lightly wounded.
You hit the komodo dragon but do no damage.
The komodo dragon is lightly wounded.
The komodo dragon is struck by your spines.
The komodo dragon bites you but does no damage.
You hit the komodo dragon but do no damage.
The komodo dragon is moderately wounded.
Your plate armour of the Cuttlefish prevents you from hitting the komodo dragon.
The komodo dragon is moderately wounded.
The komodo dragon is struck by your spines.
The komodo dragon misses you.
You can now pass through a line of other dancers.
Your plate armour of the Cuttlefish prevents you from hitting the komodo dragon.
The komodo dragon is moderately wounded.
The komodo dragon bites you!!
You die...

#.........###.,,,,,,,
#..........#,,*****,*
#.......##.#*,* *,*
#......##,..#,* *,*
#..(....#,,.#,** *,*
#......##*#.#,,* *,*
#.....###.#*#,,* *,*
####......#,,,** *,,
*#@###..#,,,* *,,
#..l.####,,,* ***,
#.#....#,,,,****,*,
#.,......#,,,,,,,,,
#.,....##.,,,,,,,,,
#.,..###*******,,,,
#.,..#****** *,,,,
#.,.!#*,,,,****,,,,
*,,,,**,,,,**,+,,,,


You could see a komodo dragon.

Vanquished Creatures
  Snorg (D:11)
  The ghost of zero the Cleaver, a novice MiBe of Trog (D:9)
  4 two-headed ogres
  The ghost of Amnesiac the Destroyer, a novice GnCj of Ashenzari (D:8)
  An orc knight (Bailey)
  Pikel (D:9)
  A manticore (D:11)
  A cyclops (Orc:1)
  Joseph (D:9)
  Maurice (D:9)
  A hornet (D:11)
  A hippogriff (D:9)
  Prince Ribbit (D:5)
  Eustachio (D:6)
  8 yaks
  2 wyverns
  Grum (D:11)
  A hungry ghost (D:9)
  A basilisk (Lair:1)
  The ghost of Amnesiac the Destroyer, an amateur GnCj (D:3)
  5 wargs
  A water moccasin (Lair:1)
  3 porcupines (Lair:1)
  6 orc warriors
  A sky beast (D:5)
  2 ice beasts
  2 slaves (D:9)
  2 phantoms
  2 ogres
  3 wolves (D:11)
  2 centaurs
  2 crocodiles
  A big kobold (D:11)
  4 bullfrogs
  A wyvern skeleton (D:11)
  2 scorpions
  11 killer bees
  5 wights (D:11)
  4 howler monkeys
  5 crimson imps
  A centaur zombie (D:9)
  A bullfrog skeleton (D:7)
  7 hounds
  6 orc priests
  2 centaur skeletons
  2 jellies
  A gnoll shaman (D:6)
  6 iguanas
  12 orc wizards
  6 worker ants
  A hound skeleton (D:9)
  26 gnolls
  3 adders
  An ooze (D:5)
  An adder skeleton (D:4)
  2 adder zombies
  2 worms
  A dart slug (D:4)
  6 leopard geckos
  39 orcs
  7 bats
  16 giant cockroaches
  16 hobgoblins
  16 jackals
  17 kobolds
  A quokka (D:2)
  2 ball pythons
  2 frilled lizards
  6 goblins
  A quokka skeleton (D:4)
  9 rats
314 creatures vanquished.

Vanquished Creatures (others)
  2 slaves (D:9)
2 creatures vanquished.

Grand Total: 316 creatures vanquished

Notes
Turn   | Place    | Note
-------+----------+-------------------------------------------
     0 | D:1      | Gruud the Demonspawn Gladiator began the quest for the Orb.
     0 | D:1      | Reached XP level 1. HP: 16/16 MP: 1/1
   122 | D:1      | Reached skill level 3 in Long Blades
   153 | D:1      | Gained mutation: You sometimes gain a little power by taking damage. [demonic ancestry]
   153 | D:1      | Reached XP level 2. HP: 22/22 MP: 2/2
   160 | D:1      | You fall through a shaft!
   342 | D:1      | Reached skill level 1 in Armour
   725 | D:2      | Reached XP level 3. HP: 17/27 MP: 3/3
   982 | D:2      | Found an ancient bone altar of Kikubaaqudgha.
   994 | D:2      | Found a shattered altar of Ashenzari.
  1609 | D:3      | Noticed Amnesiac's ghost (amateur GnCj)
  1680 | D:3      | Found a blossoming altar of Fedhas.
  1681 | D:3      | Found a glowing silver altar of Zin.
  1794 | D:3      | Reached skill level 4 in Long Blades
  1796 | D:3      | Gained mutation: You are partially covered in sharp spines. [demonic ancestry]
  1796 | D:3      | Reached XP level 4. HP: 30/33 MP: 4/4
  2007 | D:3      | Found a faded altar of an unknown god.
  2040 | D:3      | Killed Amnesiac's ghost
  2040 | D:3      | Reached XP level 5. HP: 29/38 MP: 5/5
  2234 | D:3      | Reached skill level 5 in Long Blades
  2281 | D:3      | Found an opulent altar of Gozag.
  2598 | D:4      | Gained mutation: You sometimes gain power by taking damage. [demonic ancestry]
  2598 | D:4      | Reached XP level 6. HP: 40/44 MP: 6/6
  3117 | D:4      | Found a staircase to the Ecumenical Temple.
  3148 | Temple   | Entered the Ecumenical Temple
  3193 | Temple   | Became a worshipper of Uskayaw the Reveler
  3231 | D:4      | Got a spiked leather armour
  3242 | D:4      | Identified the +0 leather armour of the Lost Path {+Inv Regen+ Int+7 Dex-5} (You found it on level 4 of the Dungeon)
  3444 | D:4      | Reached * piety under Uskayaw
  3539 | D:4      | Reached ** piety under Uskayaw
  3547 | D:4      | Learned a level 3 spell: Regeneration
  3574 | D:5      | Entered Level 5 of the Dungeon
  3592 | D:5      | Reached *** piety under Uskayaw
  3596 | D:5      | Reached skill level 6 in Long Blades
  3596 | D:5      | Reached skill level 1 in Invocations
  3596 | D:5      | Reached **** piety under Uskayaw
  3729 | D:5      | Noticed a sky beast
  3757 | D:5      | Killed a sky beast
  3757 | D:5      | Reached skill level 1 in Evocations
  3757 | D:5      | Reached XP level 7. HP: 43/50 MP: 6/8
  3796 | D:5      | Reached ***** piety under Uskayaw
  3944 | D:5      | Noticed Prince Ribbit
  3964 | D:5      | Killed Prince Ribbit
  3964 | D:5      | Reached skill level 7 in Long Blades
  4020 | D:5      | Reached XP level 8. HP: 46/56 MP: 10/10
  4117 | D:5      | Found a sparkling altar of Nemelex Xobeh.
  4120 | D:5      | Learned a level 1 spell: Animate Skeleton
  4738 | D:6      | Noticed Eustachio
  4746 | D:6      | Killed Eustachio
  4894 | D:6      | Reached skill level 5 in Invocations
  4911 | D:6      | Reached skill level 8 in Long Blades
  5088 | D:6      | Got an encrusted plate armour
  5099 | D:6      | Identified the +3 plate armour of the Cuttlefish {+Fly rN++ rCorr Dex-4} (You found it on level 6 of the Dungeon)
  5407 | D:7      | Found a burning altar of Makhleb.
  5698 | D:7      | Gained mutation: You are partially covered in icy blue scales. (AC +2) [demonic ancestry]
  5698 | D:7      | Reached XP level 9. HP: 61/61 MP: 13/13
  5952 | D:7      | Found Pigiteqa's Food Shoppe.
  6306 | D:8      | Found a shimmering altar of Xom.
  6355 | D:8      | Found a snail-covered altar of Cheibriados.
  6366 | D:8      | Noticed Amnesiac's ghost (novice GnCj)
  6386 | D:8      | Killed Amnesiac's ghost
  6386 | D:8      | Reached skill level 9 in Long Blades
  6633 | D:8      | Noticed a two-headed ogre
  6647 | D:8      | Killed a two-headed ogre
  6647 | D:8      | Reached skill level 5 in Armour
  6746 | D:8      | Reached skill level 10 in Long Blades
  6769 | D:8      | Found an ornate altar of the Wu Jian Council.
  6807 | D:8      | Noticed a two-headed ogre
  6819 | D:8      | Killed a two-headed ogre
  6819 | D:8      | Reached XP level 10. HP: 42/67 MP: 16/16
  7288 | D:9      | Noticed Maurice
  7291 | D:9      | Noticed Pikel
  7294 | D:9      | Killed Maurice
  7302 | D:9      | Killed Pikel
  7516 | D:9      | Found a shadowy altar of Dithmenos.
  7516 | D:9      | Noticed a two-headed ogre
  7518 | D:9      | Noticed a two-headed ogre
  7529 | D:9      | Killed a two-headed ogre
  7529 | D:9      | Reached skill level 11 in Long Blades
  7536 | D:9      | Killed a two-headed ogre
  7641 | D:9      | Noticed zero's ghost (novice MiBe)
  7671 | D:9      | Killed zero's ghost
  7671 | D:9      | Reached skill level 10 in Invocations
  7671 | D:9      | Reached XP level 11. HP: 54/72 MP: 9/18
  7850 | D:9      | Noticed Joseph
  7869 | D:9      | Killed Joseph
  8189 | D:10     | Entered Level 10 of the Dungeon
  8324 | D:10     | Found a staircase to the Orcish Mines.
  8468 | D:10     | Reached skill level 12 in Long Blades
  8476 | D:10     | Found a staircase to the Lair.
  8912 | D:11     | Noticed Snorg
  8912 | D:11     | Noticed a two-headed ogre
  8966 | D:11     | Killed Snorg
  9170 | D:11     | Noticed Grum
  9197 | D:11     | Killed Grum
  9468 | D:11     | Noticed a green ugly thing
  9864 | Orc:1    | Entered Level 1 of the Orcish Mines
  9866 | Orc:1    | Found Wuanomp's General Store.
  9875 | Orc:1    | Bought a potion of heal wounds for 75 gold pieces
  9875 | Orc:1    | Bought a scroll of enchant weapon for 112 gold pieces
  9875 | Orc:1    | Bought a scroll of identify for 30 gold pieces
  9875 | Orc:1    | Bought 2 potions of haste for 300 gold pieces
  9879 | Orc:1    | Found a flagged portal.
  9911 | Bailey   | Entered a bailey
 10119 | Bailey   | Noticed an orc knight
 10131 | Bailey   | Killed an orc knight
 10176 | Bailey   | Identified a scroll of acquirement
 10484 | Orc:1    | Noticed an orc sorcerer
 10547 | Lair:1   | Entered Level 1 of the Lair of Beasts
 10621 | Lair:1   | Gained mutation: You are mostly covered in icy blue scales. (AC +3) [demonic ancestry]
 10621 | Lair:1   | Reached XP level 12. HP: 49/78 MP: 20/20
 10647 | Lair:1   | Slain by a komodo dragon

Vault maps used:
D:1:      evilmike_arrival_crescent
D:2:      nicolae_overflow_hidden_temple, minitemple
D:3:      minmay_roachtagon, gammafunk_temple_overflow_pools,
          chequers_ecumenical_altar_simple_redux,
          nicolae_gozag_cash_rules_everything_around_me
D:4:      minmay_temple_entry_large_hall
D:5:      nemelex_xobeh_ov_fountains_minmay, first_bread, uniq_prince_ribbit1
D:6:      uniq_eustachio
D:7:      lemuel_doored_altar, serial_shops,
          nicolae_shop_temple_entry_statues_fountains
D:8:      lemuel_crystal_altar, lemuel_crystal_altar, basic_altar
D:9:      old_standard_altar, uniq_maurice, uniq_joseph, uniq_pikel
D:10:     erik_lair_orcish_takeover, david_orc_3
D:11:     uniq_snorg, uniq_urug, uniq_grum
Temple:   minmay_temple_bridge_abc
Lair:1:   portal_ice_cave_demonic_guard, beast_lair_carwin_7,
          infiniplex_staircase_pool
Orc:1:    enter_bailey_2, serial_shops, shop_coins, uniq_gastronok
Bailey:   bailey_axe_2, bailey

Skill      XL: |  1  2  3  4  5  6  7  8  9 10 11 |
---------------+----------------------------------+-----
Long Blades    | 3 4 5 6 7 8 10 11 12 | 12.9
Armour         | 1 2 3 5 6 8 |  8.3
Invocations    | 1 3 6 8 10 11 | 11.7
Evocations     | 1 2 4 |  4.0
Fighting       | |  2.0
Throwing       | |  1.7
Dodging        | |  2.7

Action                   |  1- 3 |  4- 6 |  7- 9 | 10-12 || total
-------------------------+-------+-------+-------+-------++-------
Melee: Long sword        |   167 |   127 |   158 |       ||   452
       Dagger            |       |       |    63 |   376 ||   439
Throw: Throwing net      |       |     3 |       |     1 ||     4
Invok: Stomp             |       |     2 |     9 |    19 ||    30
       Line Pass         |       |       |     1 |     3 ||     4
Evoke: Wand              |       |       |     7 |    10 ||    17
  Use: Scroll            |     7 |     5 |     4 |     9 ||    25
       Potion            |       |     1 |       |     2 ||     3
 Stab: Paralysed         |       |     3 |    17 |    44 ||    64
       Sleeping          |       |       |     1 |       ||     1
       Confused          |       |       |       |     3 ||     3
       Held in net/web   |       |       |       |     1 ||     1
  Eat: Chunk             |     3 |     5 |    12 |    14 ||    34
       Fruit             |       |     2 |       |     3 ||     5
Armor: Plate armour      |   154 |       |    53 |   203 ||   410
       Chain mail        |       |    40 |       |       ||    40
       Scale mail        |       |     9 |       |       ||     9
       Leather armour    |       |     7 |    14 |       ||    21
Dodge: Dodged            |    34 |    59 |    83 |    93 ||   269
       Deflected         |       |       |     1 |    19 ||    20
       Rpst.: Long sword |     9 |    20 |    19 |       ||    48

Table legend:
 A = Spawn XP
 B = Non-spawn XP
 C = Spawn XP percentage of total XP
 D = Spawn monster count
 E = Non-spawn monster count
 F = Spawn count percentage of total count
 G = Total turns spent on level
                    A         B        C        D         E        F      G
               +---------+---------+-------+---------+---------+-------+---------
         Total |       0 |   21885 |   0.0 |       0 |     312 |   0.0 | 10647
               +---------+---------+-------+---------+---------+-------+---------
           D:1 |       0 |      38 |   0.0 |       0 |      21 |   0.0 |   665
           D:2 |       0 |      43 |   0.0 |       0 |      17 |   0.0 |   955
           D:3 |       0 |     227 |   0.0 |       0 |      27 |   0.0 |   853
           D:4 |       0 |     327 |   0.0 |       0 |      20 |   0.0 |  1032
           D:5 |       0 |    1000 |   0.0 |       0 |      26 |   0.0 |   916
           D:6 |       0 |     643 |   0.0 |       0 |      16 |   0.0 |   825
           D:7 |       0 |     976 |   0.0 |       0 |      20 |   0.0 |   974
           D:8 |       0 |    3226 |   0.0 |       0 |      13 |   0.0 |  1003
           D:9 |       0 |    5306 |   0.0 |       0 |      26 |   0.0 |   897
          D:10 |       0 |    2531 |   0.0 |       0 |      31 |   0.0 |  1097
          D:11 |       0 |    4822 |   0.0 |       0 |      46 |   0.0 |   613
        Lair:1 |       0 |     863 |   0.0 |       0 |       6 |   0.0 |   100
         Orc:1 |       0 |    1035 |   0.0 |       0 |       9 |   0.0 |   270
        Bailey |       0 |     848 |   0.0 |       0 |      34 |   0.0 |   378
               +---------+---------+-------+---------+---------+-------+---------
